AoeStats
← TX430054

Arena

509800136Analyzed
1v1 RM · 5d ago on Sep 28, 2026· 27m 11s· 2 players
Game mode
Random Map
Map size
Tiny (2 player)
Population
200
Speed
Normal
Resources
Standard
Victory
Conquest
Starting age
Dark Age
Ending age
Imperial Age
RankedLock teamsTeams togetherTeam positionsShared explorationLock speedFull tech treeHidden civsTurbo modeCheats
Victory
Defeat
🇹🇼 Turks · Taiwan
949
+17
🇦🇷 Romans · Argentina
971
-17
TX430054
10:50 Feudal Age
14:56 Castle Age
13:45 Double-Bit Axe
14:13 Gold Mining
14:11 Loom
15:54 Horse Collar
16:59 Bow Saw
23:20 Padded Archer Armor
Señor Almendrita
11:08 Feudal Age
12:50 Scale Barding Armor
12:55 Forging
13:04 Bloodlines
19:24 Castle Age
Connection lost

Rejoining the realm…

Still unreachable

The connection could not be restored.

Session expired

The server has moved on; the page needs a fresh start.